 Dungeon Crawl Stone Soup version 0.26-b1-32-g5d43845318 (webtiles) character file.

Game seed: 11423173935677987548

100 Borgoz the Cudgeller (level 4, -5/27 HPs)
             Began as a Gargoyle Gladiator on Jan 10, 2021.
             Slain by Grinder (6 damage)
             ... on level 3 of the Dungeon.
             The game lasted 00:04:27 (2420 turns).

Borgoz the Cudgeller (Gargoyle Gladiator)           Turns: 2420, Time: 00:04:27

Health: -5/27      AC: 10    Str: 18    XL:     4   Next: 74%
Magic:  4/4        EV: 12    Int:  8    God:
Gold:   178        SH:  0    Dex: 12    Spells: 3/3 levels left

rFire    . . .     SeeInvis .   a - +0 flail
rCold    . . .     Faith    .   (no shield)
rNeg     + . .     Spirit   .   r - +0 ring mail
rPois    ∞         Reflect  .   n - +0 helmet
rElec    +         Harm     .   (no cloak)
rCorr    .         Rampage  .   (no gloves)
Will     .....                  (no boots)
Stlth    +.........             (no amulet)
HPRegen  0.09/turn              (no ring)
MPRegen  0.09/turn              (no ring)

@: mighty, berserk cooldown, attractive, very slightly contaminated, slowed,
invisible, very slow
A: negative energy resistance 1, electricity resistance, unbreathing,
petrification resistance, miasma immunity, AC +3
a: no special abilities


You were on level 3 of the Dungeon.
You visited 1 branch of the dungeon, and saw 3 of its levels.

You collected 178 gold pieces.

Inventory:

Hand Weapons
 a - a +0 flail (weapon)
Missiles
 d - a throwing net (quivered)
Armour
 n - a +0 helmet (worn)
 r - a +0 ring mail (worn)
Wands
 t - a wand of enslavement (5)
Scrolls
 b - a scroll of immolation {unknown}
 f - 2 scrolls of remove curse {unknown}
 h - a scroll of random uselessness {unknown}
 j - a scroll of amnesia {unknown}
 l - 3 scrolls of identify {unknown}
 p - a scroll of enchant weapon {unknown}
 q - a scroll of teleportation {unknown}
Potions
 c - a potion of curing {unknown}
 e - a potion of flight {unknown}
 g - a potion of invisibility
 i - a potion of attraction
 k - a potion of heal wounds {unknown}
 m - a potion of might
 o - a potion of berserk rage
 s - a potion of magic {unknown}


   Skills:
 + Level 2.8 Fighting
 * Level 3.9 Maces & Flails
 - Level 1.7 Throwing
 + Level 1.6 Armour
 * Level 3.2 Dodging


You had 3 spell levels left.
You didn't know any spells.
Your spell library was empty.

Dungeon Overview and Level Annotations

Branches:
Dungeon (3/15)

Altars:
Cheibriados
Sif Muna
Vehumet

Annotations:
D:3 Grinder


Innate Abilities, Weirdness & Mutations

You are resistant to torment.
Your stone body is resilient. (AC +3)
You are immune to poison.
You resist negative energy. (rN+)
You are resistant to electric shocks. (rElec)
You can survive without breathing.
You are immune to petrification.
You are immune to miasma.


Message History

You feel attractive to monsters. Grinder is pulled toward you!
You hit Grinder.
Grinder is moderately wounded.
Grinder barely misses you.
You barely miss Grinder.
Grinder is moderately wounded.
Grinder gestures at you. Pain shoots through your body!
* * * LOW HITPOINT WARNING * * *
Grinder hits you but does no damage.
You hit Grinder.
Grinder is heavily wounded.
Grinder hits you but does no damage.
Grinder says, "Tell me all your secrets, or I'll kill you."
Grinder misses you.
You sock Grinder!
Grinder is severely wounded.
Grinder barely misses you. Grinder hits you.
You die...

.### ...##.
..... ##...###
###.......
...####...#..#
#......@.....#
########5.#.....
#..####.#
#...###.#
#......#####
#######.####.(.#
#.......# #.<.#
#.#####.# #.†.#
# #....## #...#
###


You could see Grinder.

Vanquished Creatures
  A worker ant (D:2)
  2 adders (D:2)
  2 oozes (D:2)
  A worm (D:2)
  A dart slug (D:3)
  3 leopard geckos
  An orc (D:2)
  6 bats
  2 giant cockroaches
  3 hobgoblins
  4 kobolds
  6 frilled lizards
  6 goblins
  5 rats
43 creatures vanquished.

Notes
Turn   | Place    | Note
-------+----------+-------------------------------------------
     0 | D:1      | Borgoz the Gargoyle Gladiator began the quest for the Orb.
     0 | D:1      | Reached XP level 1. HP: 12/12 MP: 1/1
   247 | D:1      | Reached XP level 2. HP: 15/17 MP: 2/2
   917 | D:2      | Reached skill level 1 in Armour
   917 | D:2      | Reached XP level 3. HP: 7/22 MP: 3/3
  1191 | D:2      | Found a radiant altar of Vehumet.
  1356 | D:2      | Reached XP level 4. HP: 16/27 MP: 4/4
  1498 | D:2      | Found a snail-covered altar of Cheibriados.
  1991 | D:2      | Found a shimmering blue altar of Sif Muna.
  2393 | D:3      | Noticed Grinder
  2412 | D:3      | Paralysed by Grinder for 2 turns
  2418 | D:3      | HP: 1/27 [Grinder/nerve-wracking pain (5)]
  2420 | D:3      | Slain by Grinder

Illustrated notes

Levels and vault maps discovered:
D:1:      dpeg_arrival_radiant, layout_basic
D:2:      minmay_general_purpose_star, layout_basic, lemuel_crystal_altar,
          cheibriados_altar_1, chequers_mini_garden, led_sif_pool
D:3:      layout_loops_cross, lemuel_coloured_pillars_altar,
          minmay_misc_feat_iff, grunt_ministairs_14, tso_altar, uniq_grinder

Skill      XL: |  1  2  3 |
---------------+----------+-----
Armour         | 1 |  1.6
Dodging        | 3 |  3.2
Fighting       | |  2.8
Maces & Flails | |  3.9
Throwing       | |  1.7

Action                   |  1- 3 |  4- 6 || total
-------------------------+-------+-------++-------
Melee: Flail             |    94 |    62 ||   156
Throw: Throwing net      |     1 |     2 ||     3
  Use: Potion            |       |     4 ||     4
Armor: Leather armour    |    33 |    16 ||    49
       Ring mail         |       |     8 ||     8
Dodge: Dodged            |    63 |    38 ||   101
